Map: Golden Wall LE

Players

Shaun

  • Race: Terran Terran
  • League: Silver
  • Spawn Location: 5:00

Massa - Winner!

  • Race: Terran Terran
  • League: Gold
  • Spawn Location: 7:00

VOD

Have the link to the VOD?

Description

Time

  • Played on: July 17, 2020, 9:10 a.m.
  • Length: 16:13
Show
View Real Time Build Order
Export as new Build Order

Shaun Terran 

Build Orders:  

Get SALT Encoding   

  12  0:01  SCV  
  13  0:13  SCV  
  14  0:21  Supply Depot  
  14  0:26  SCV  
  15  0:35  Refinery  
  15  0:43  SCV  
  15  0:47  Barracks  
  16  0:55  SCV  
  17  1:07  SCV  
  18  1:19  SCV  
  19  1:31  SCV  
  19  1:37  Reaper  
  20  1:40  Supply Depot  
  20  1:46  SCV  
  21  2:00  Orbital Command  
  21  2:09  Reaper  
  22  2:18  Refinery  
  22  2:35  Command Center  
  22  2:37  SCV  
  22  2:41  Reaper  
  24  2:44  Factory  
  23  2:58  SCV  
  24  3:10  SCV  
  25  3:22  SCV  
  26  3:38  Marine  
  26  3:56  Marine  
  26  4:03  SCV  
  26  4:07  Factory Tech Lab  
  26  4:09  Starport  
  27  4:14  Marine  
  27  4:15  SCV  
  29  4:27  SCV  
  29  4:30  Supply Depot  
  30  4:36  Factory Tech Lab  
  30  4:39  SCV  
  30  4:43  Orbital Command  
  31  4:51  SCV, Supply Depot  
  32  4:54  Supply Depot  
  32  4:57  Cloaking Field  
  34  5:03  SCV  
  34  5:06  Engineering Bay  
  35  5:10  Supply Depot  
  35  5:11  Siege Tank  
  39  5:14  SCV  
  39  5:15  SCV  
  39  5:17  Supply Depot  
  40  5:22  Bunker  
  40  5:26  Barracks Reactor, SCV  
  40  5:27  SCV  
  42  5:33  Supply Depot  
  42  5:35  Engineering Bay  
  42  5:38  SCV  
  42  5:42  Banshee  
  44  5:50  SCV x2  
  44  5:55  Refinery  
  46  5:59  Refinery  
  46  6:02  SCV x2  
  48  6:05  Terran Infantry Armor Level 1, Barracks, Terran Infantry Weapons Level 1  
  48  6:06  Barracks  
  48  6:09  Siege Tank  
  51  6:14  SCV, Supply Depot  
  51  6:15  SCV  
  56  6:26  SCV  
  56  6:31  SCV  
  58  6:39  SCV  
  56  6:42  Starport Tech Lab  
  56  6:48  Barracks, Marine x2  
  58  6:54  Barracks  
  58  7:05  Marine  
  58  7:08  SCV x2  
  61  7:09  Marine x3  
  61  7:12  Siege Tank  
  67  7:20  SCV x2  
  66  7:23  Marine  
  66  7:26  Marine  
  66  7:29  Starport Reactor  
  70  7:32  SCV x2  
  70  7:33  Factory  
  70  7:35  Barracks Tech Lab  
  70  7:37  Barracks Tech Lab  
  70  7:42  Starport, Barracks Reactor  
  70  7:44  SCV, Siege Tank  
  74  7:54  Marine x2  
  75  7:59  Armory  
  65  8:16  Stimpack  
  65  8:17  Siege Tank  
  65  8:32  Missile Turret  
  65  8:34  SCV x2  
  67  8:46  SCV x2, Starport Reactor  
  69  8:50  Medivac  
  69  8:52  Missile Turret  
  71  8:57  Marine x5  
  71  8:58  SCV x2  
  78  9:10  SCV  
  78  9:12  Command Center  
  78  9:14  Missile Turret  
  78  9:16  Marine x5  
  84  9:19  Medivac  
  84  9:20  SCV, Medivac  
  84  9:23  SCV  
  90  9:27  Combat Shield  
  90  9:33  SCV  
  90  9:34  Marine x2  
  90  9:35  SCV  
  94  9:46  Marine x3  
  94  9:49  Terran Infantry Weapons Level 2, Medivac  
  94  9:51  Marine  
  94  9:52  Marine  
  101  10:01  Supply Depot x2  
  101  10:04  Marine  
  102  10:11  Marine x4  
  98  10:21  Marine  
  99  10:29  Marine x4  
  99  10:34  Terran Infantry Armor Level 2  
  101  10:39  Marine  
  101  10:41  Supply Depot x2  
  102  10:45  Planetary Fortress  
  102  10:47  Marine x4  
  102  10:48  Refinery  
  106  10:51  Medivac x2  
  110  10:57  Marine  
  111  11:04  Marine x2  
  113  11:13  Marine  
  113  11:14  Marine  
  113  11:15  Marauder  
  113  11:16  Siege Tank x2  
  123  11:23  Marauder x2  
  127  11:31  Marine x2  
  129  11:36  Marine  
  126  11:46  Marine x2  
  128  11:49  Marine x2  
  130  11:54  Marine  
  131  12:04  Marine x2  
  131  12:07  Marine x2  
  130  12:12  Marine  
  123  12:22  Marine x2  
  125  12:25  Marine x2  
  125  12:29  Widow Mine x2  
  131  12:30  Marine  
  132  12:40  Marine x2  
  132  12:42  Marine  
  132  12:43  SCV, Marine  
  132  12:44  SCV  
  138  12:47  Marine  
  138  12:50  Widow Mine x2  
  143  12:57  Marine  
  143  12:58  Marine  
  145  13:00  Marine x2  
  147  13:05  Marine  
  147  13:12  Widow Mine  
  146  13:15  Marine  
  146  13:16  Marauder  
  146  13:18  Marine x2  
  146  13:21  Medivac  
  146  13:22  Medivac  
  146  13:25  Medivac  
  146  13:26  SCV  
  150  13:29  SCV  
  150  13:30  Medivac  
  150  13:31  Marauder  
  150  13:34  Marauder  
  140  13:36  Marine x2  
  140  13:37  Marauder  
  140  13:38  SCV  
  138  13:41  SCV  
  136  13:50  SCV  
  136  13:51  Marine, Medivac  
  136  13:54  Marine x3  
  139  13:56  SCV  
  139  13:58  Marine  
  141  14:02  SCV  
  141  14:08  SCV  
  141  14:09  Marine  
  126  14:12  Marine  
  126  14:15  SCV  
  126  14:16  Marine  
  99  14:20  SCV  
  69  14:41  Marine x2  
  69  14:46  Supply Depot  
  69  14:59  Marine x2  
  71  15:00  Command Center  
  71  15:17  Marine x2  
  73  15:31  Supply Depot  
  73  15:34  Marine x2  
  72  15:52  Marine x2  
Show
View Real Time Build Order
Export as new Build Order

Massa Terran - Winner!

Build Orders: Reaper Expand 

Get SALT Encoding   

  12  0:02  SCV  
  13  0:15  Supply Depot  
  13  0:17  SCV  
  14  0:29  SCV  
  15  0:42  SCV  
  16  0:45  Barracks  
  16  0:54  Refinery, SCV  
  17  1:06  SCV  
  18  1:18  SCV  
  19  1:30  SCV  
  19  1:44  Orbital Command  
  19  1:52  Command Center  
  19  2:10  Reaper  
  20  2:20  SCV  
  21  2:32  SCV  
  22  2:37  Barracks  
  22  2:44  Supply Depot  
  22  2:53  SCV  
  22  3:05  SCV  
  23  3:09  Marine  
  24  3:25  Marine  
  23  3:27  Marine  
  23  3:43  Marine  
  23  3:44  SCV  
  23  3:45  Marine  
  23  3:56  SCV  
  23  4:01  Marine  
  24  4:03  Marine  
  24  4:05  SCV  
  24  4:08  SCV  
  27  4:13  Factory  
  27  4:17  SCV, Barracks  
  27  4:18  Marine  
  27  4:20  SCV, Marine  
  31  4:30  SCV  
  32  4:32  SCV, Command Center  
  32  4:35  Engineering Bay  
  32  4:36  Marine  
  34  4:38  Marine  
  34  4:42  SCV  
  34  4:44  SCV  
  37  4:54  SCV, Marine  
  37  4:56  Marine  
  37  4:57  SCV  
  37  4:59  Starport  
  41  5:05  Barracks Tech Lab, Factory Tech Lab  
  41  5:06  SCV  
  42  5:09  SCV  
  42  5:12  Marine  
  44  5:14  Marine  
  44  5:19  SCV  
  46  5:21  Orbital Command  
  46  5:25  Bunker  
  46  5:31  Stimpack  
  46  5:37  Supply Depot  
  46  5:38  Supply Depot  
  46  5:39  Supply Depot  
  46  5:41  Supply Depot  
  46  5:44  SCV, Marauder, Siege Tank  
  52  5:58  Refinery  
  52  6:00  Liberator  
  55  6:05  Marauder  
  55  6:07  Marine x2  
  59  6:12  SCV x2  
  61  6:24  SCV, Marine  
  61  6:25  Marine  
  64  6:27  Marauder  
  64  6:29  Refinery  
  66  6:39  Missile Turret  
  66  6:53  Marauder, Marine  
  66  6:54  Marine  
  69  6:59  Missile Turret  
  67  7:10  Concussive Shells  
  67  7:11  Marine x2  
  67  7:14  Marauder  
  68  7:21  SCV x2, Missile Turret  
  69  7:25  SCV  
  69  7:29  Marine  
  71  7:30  Marine  
  71  7:33  SCV x2  
  71  7:34  Widow Mine  
  71  7:36  Marauder  
  78  7:37  SCV  
  78  7:39  Terran Infantry Armor Level 1  
  78  7:42  Missile Turret  
  79  7:45  SCV  
  79  7:47  Marine  
  79  7:48  Marine  
  79  7:49  SCV  
  83  7:55  Widow Mine, SCV  
  83  7:56  Missile Turret  
  83  7:57  SCV, Marauder  
  89  8:01  SCV  
  90  8:07  SCV  
  90  8:10  SCV  
  92  8:13  SCV  
  92  8:16  Medivac  
  93  8:20  SCV  
  93  8:27  Supply Depot  
  93  8:28  Supply Depot  
  93  8:29  Supply Depot  
  93  8:30  Supply Depot  
  93  8:40  Refinery  
  93  8:49  SCV x2, Marauder, Medivac  
  93  8:52  Supply Depot  
  93  8:54  Command Center  
  100  8:57  Planetary Fortress  
  100  9:01  SCV x2  
  101  9:06  Supply Depot  
  101  9:08  Combat Shield  
  101  9:10  Marine x2  
  101  9:11  Marauder  
  101  9:13  SCV x2  
  101  9:16  Supply Depot  
  107  9:19  Siege Tank  
  110  9:25  SCV x2  
  110  9:30  Supply Depot  
  112  9:32  Marauder  
  112  9:33  Terran Infantry Weapons Level 1  
  114  9:40  Armory  
  114  9:44  SCV x3  
  117  9:54  Marauder  
  117  9:56  SCV  
  117  9:57  SCV x2  
  122  10:08  SCV  
  122  10:09  SCV x2  
  125  10:18  Marauder  
  125  10:19  Marine x2  
  125  10:20  SCV  
  130  10:22  Barracks  
  128  10:37  Marine x2  
  128  10:40  Marauder  
  128  10:42  Missile Turret  
  132  10:50  Planetary Fortress  
  132  10:52  SCV  
  132  10:53  SCV x2  
  132  10:54  Marine  
  132  10:55  Marine  
  137  11:01  Marauder, Thor  
  137  11:02  Missile Turret  
  137  11:03  Terran Vehicle Weapons Level 1  
  145  11:04  SCV  
  145  11:05  SCV x2  
  145  11:11  Factory  
  148  11:12  Barracks Tech Lab, Marine  
  148  11:13  Marine  
  148  11:16  SCV  
  148  11:17  SCV x2  
  153  11:22  Marauder  
  155  11:28  SCV  
  155  11:29  SCV x2  
  152  11:41  SCV x2  
  152  11:44  Marauder  
  156  11:50  Missile Turret  
  156  11:57  Terran Infantry Weapons Level 2  
  155  12:09  Missile Turret  
  149  12:26  Medivac  
  151  12:30  Missile Turret  
  151  12:33  Factory Tech Lab  
  151  12:34  Thor  
  157  12:44  Engineering Bay  
  157  12:51  Missile Turret  
  157  12:56  Refinery, Medivac  
  157  12:57  Terran Vehicle And Ship Armor Level 1  
  159  12:59  Refinery  
  159  13:04  Refinery  
  157  13:07  Refinery  
  157  13:17  Thor  
  145  13:26  Marauder x2, Marine  
  150  13:27  Marine  
  149  13:43  Thor  
  149  13:44  Marine  
  149  13:45  Marine  
  149  13:47  Marauder  
  149  13:48  Marauder  
  159  14:00  Thor  
  159  14:02  Marine  
  164  14:03  Marine  
  164  14:09  Marauder x2  
  167  14:20  Marine x2  
  166  14:30  Marauder x2  
  170  14:38  Marine x2  
  139  14:49  Medivac  
  139  14:52  Marauder x2  
  145  14:56  Marine x2  
  147  15:02  Refinery  
  147  15:13  Marauder x2, Marine  
  147  15:14  Marine  
  152  15:19  Medivac  
  155  15:22  Thor x2  
  155  15:25  Command Center  
  155  15:27  Command Center  
  167  15:31  Marine  
  167  15:32  Marine  
  167  15:34  Marauder x2  
Tags
 
Matchup
TvT
Race
Terran
Replay Pack
Multiplayer
Spawn Locations
Close Positions
Add a new tag
Caveats
  • Supply blocks, unpowered buildings, or Contaminate may cause inaccurate times.
  • Supply counts are checked every 10 seconds.